 Dungeon Crawl Stone Soup version 0.28-a0-479-g5baa6b73be (webtiles) character file.

Game seed: 1179054791679204558

805 Dabor the Skirmisher (level 7, 0/38 HPs)
             Began as a Vine Stalker Berserker on Sept 18, 2021.
             Was a Priest of Trog.
             Shot with an arrow by a centaur (11 damage)
             ... on level 5 of the Dungeon.
             The game lasted 00:04:35 (2769 turns).

Dabor the Skirmisher (Vine Stalker Berserker)       Turns: 2769, Time: 00:04:36

Health: 0/38       AC:  9    Str: 20    XL:     7   Next: 91%
Magic:  0/8        EV:  8    Int:  7    God:    Trog [***...]
Gold:   106        SH:  0    Dex: 15    Spells: 6/6 levels left

rFire   . . .      SeeInvis .   a - +0 hand axe
rCold   . . .      Faith    .   (no shield)
rNeg    . . .      Spirit   +   k - +0 chain mail
rPois   .          Reflect  .   (no helmet)
rElec   .          Harm     .   (no cloak)
rCorr   .          Rampage  .   (no gloves)
Will    +....                   (no boots)
Stlth   ..........              j - amulet of regeneration
HPRegen 2.12/turn               s - ring of willpower
MPRegen 0.11/turn               (no ring)

@: no status effects
A: fangs 2, regeneration 1, magic shield, antimagic bite, no potion heal 2
a: Renounce Religion, Berserk, Trog's Hand


You were on level 5 of the Dungeon.
You worshipped Trog.
Trog was most pleased with you.
You visited 1 branch of the dungeon, and saw 7 of its levels.

You collected 106 gold pieces.

Inventory:

Hand Weapons
 a - a +0 hand axe (weapon)
Missiles
 p - 6 javelins
 t - 12 poisoned darts (quivered)
Armour
 b - a +0 animal skin
 d - a +0 ring mail
 k - a +0 chain mail (worn)
Jewellery
 j - an amulet of regeneration (around neck)
 s - a ring of willpower (left hand)
Scrolls
 c - a scroll of magic mapping {unknown}
 e - a scroll of teleportation
 f - 2 scrolls of identify {unknown}
 g - 2 scrolls of enchant weapon {unknown}
 l - a scroll of enchant armour {unknown}
 m - a scroll of immolation {unknown}
 u - a scroll of amnesia {unknown}
Potions
 h - a potion of heal wounds {unknown}
 i - 4 potions of degeneration {unknown}
 n - 3 potions of lignification {unknown}
 o - a potion of curing {unknown}
 q - a potion of might {unknown}
 r - 2 potions of flight {unknown}


   Skills:
 * Level 4.7 Fighting
 * Level 4.6 Axes
 + Level 2.1 Throwing
 * Level 3.9 Armour
 + Level 3.0 Dodging


You had 6 spell levels left.
You didn't know any spells.
Your spell library was empty.

Dungeon Overview and Level Annotations

Branches:
Dungeon (7/15)
 Temple: D:4-7

Altars:
Hepliaklqana
Makhleb
Sif Muna
Zin

Shops:
D:7 *


Innate Abilities, Weirdness & Mutations

You have extremely sharp teeth.
Your natural rate of healing is unusually fast.
When hurt, damage is shared between your health and your magic reserves.
Your bite disrupts and absorbs the magic of your enemies.
Potions cannot restore your health.


Message History

The orc warrior shouts!
The centaur shoots an arrow.
The arrow barely misses you.
The centaur shoots an arrow.
The arrow closely misses you.
An orc priest comes into view. It is wielding a +0 club.
Found an inky potion.
The centaur shoots an arrow.
The arrow hits you but does no damage.
An orc wizard comes into view. It is wielding a +0 dagger.
The orc wizard shouts!
Found a sharpened iron wand.
The centaur unwields a +0 shortbow.
The centaur hits you but does no damage.
The centaur kicks you but does no damage.
The orc hits you but does no damage. Space warps horribly around you!
The centaur barely misses you. x2
There is a stone staircase leading up here.
The orc closely misses you.
The orc warrior hits you from afar with a +0 halberd!
The centaur barely misses you. x2
The orc wizard mumbles some strange words.
The orc wizard flickers and vanishes!
Deactivating autopickup; reactivate with Ctrl-A.
You climb upwards.
Reactivating autopickup.
Found a book of Callings and a scroll labelled TYUMIXK ZOUXT.
There is a stone staircase leading down here.
You're still recovering from your berserk rage.
The centaur hits you but does no damage.
The centaur kicks you but does no damage.
The orc wizard hits you with a +0 dagger.
The centaur closely misses you. The centaur kicks you. The orc misses you.
The orc wizard casts a spell at you. You resist with almost no effort.
The centaur hits you but does no damage.
The centaur closely misses you.
You recover from your berserk rage.
The centaur wields a +0 shortbow.
The centaur shoots an arrow.
The arrow hits you!
* * * LOW HITPOINT WARNING * * *
The centaur shoots an arrow.
The arrow hits you but does no damage.
The centaur shoots an arrow.
The arrow hits you!
You die...

..# #.#
#.# #.#
#.#.#
#.#.#
#.#.#
#.#@# #
#...#
#.##.o#
###...c.#
..:....o#
........#
........#
.......Z#
........#


You could see a centaur, an orc wizard, an orc and a bullfrog skeleton.

Vanquished Creatures
  Grinder (D:3)
  An orc warrior (D:4)
  A necrophage (D:4)
  A phantom (D:4)
  A scorpion (D:3)
  2 howler monkeys (D:7)
  A jelly (D:4)
  An iguana (D:4)
  2 orc wizards (D:4)
  2 adders
  2 ufetubi
  A worm (D:3)
  2 dart slugs
  6 orcs
  8 ball pythons
  9 endoplasms
  3 giant cockroaches
  6 hobgoblins
  5 jackals
  9 kobolds
  2 quokkas (D:1)
  4 bats
  5 goblins
  5 rats
80 creatures vanquished.

Notes
Turn   | Place    | Note
-------+----------+-------------------------------------------
     0 | D:1      | Dabor the Vine Stalker Berserker began the quest for the
                  | Orb.
     0 | D:1      | Reached XP level 1. HP: 11/11 MP: 2/2
   145 | D:1      | Reached XP level 2. HP: 16/16 MP: 3/3
   543 | D:1      | Reached XP level 3. HP: 20/20 MP: 4/4
   926 | D:2      | Reached ** piety under Trog
  1451 | D:2      | Gained mutation: Your natural rate of healing is unusually
                  | fast. [Vine Stalker growth]
  1451 | D:2      | Reached XP level 4. HP: 24/24 MP: 5/5
  1649 | D:3      | Noticed Grinder
  1659 | D:3      | Killed Grinder
  1660 | D:3      | Reached skill level 1 in Throwing
  1660 | D:3      | Reached XP level 5. HP: 29/29 MP: 4/6
  1660 | D:3      | Reached XP level 6. HP: 33/33 MP: 4/7
  1665 | D:3      | Found a faded altar of an unknown god.
  2054 | D:3      | Found a glowing silver altar of Zin.
  2467 | D:4      | Found a hazy altar of Hepliaklqana.
  2468 | D:4      | Found a shimmering blue altar of Sif Muna.
  2469 | D:4      | Found a burning altar of Makhleb.
  2470 | D:4      | Noticed an orc warrior
  2480 | D:4      | Killed an orc warrior
  2481 | D:4      | Reached XP level 7. HP: 37/37 MP: 5/8
  2585 | D:4      | Reached *** piety under Trog
  2712 | D:4      | You fall into a shaft and drop 3 floors!
  2720 | D:7      | Noticed a troll
  2751 | D:7      | Found Gozag's Platinum Reserve.
  2765 | D:5      | Entered Level 5 of the Dungeon
  2769 | D:5      | Shot with an arrow by a centaur

Illustrated notes

Levels and vault maps discovered:
D:1:      eino_arrival_cavern_e, layout_basic, minmay_pentomino_x4
D:2:      layout_basic
D:3:      layout_basic, zin_academy, basic_ecumenical_altar, uniq_grinder
D:4:      layout_basic, chequers_temple_overflow_statue_of_worship,
          gup_sewer_entry_pipe, ebering_ghost_reflecting_pool
D:5:      layout_basic, ebering_ghost_rock_garden, lemuel_flamethrower_2
D:6:      black_bear_nest_2, layout_cave_pools, mainiacjoe_overflow_boulevard,
          uniq_maggie
D:7:      layout_rooms, nicolae_gozag_zags_fifth_avenue,
          minmay_temple_entry_water_ring, uniq_joseph

Skill      XL: |  1  2  3  4  5  6  7 |
---------------+----------------------+-----
Fighting       | 3 4 |  4.7
Dodging        | 2 3 |  3.0
Axes           | 3 4 |  4.6
Armour         | 2 3 |  3.9
Throwing       | 1 2 |  2.1

Action                   |  1- 3 |  4- 6 |  7- 9 || total
-------------------------+-------+-------+-------++-------
Melee: Hand axe          |    95 |    81 |    42 ||   218
       Bite              |    19 |    20 |    12 ||    51
Throw: Javelin           |       |     8 |       ||     8
Invok: Berserk           |       |     2 |     2 ||     4
       Trog's Hand       |       |       |     1 ||     1
  Use: Scroll            |       |       |     2 ||     2
 Stab: Sleeping          |     1 |       |       ||     1
Armor: Animal skin       |     1 |       |       ||     1
       Ring mail         |    21 |       |       ||    21
       Chain mail        |    25 |    51 |    56 ||   132
Dodge: Dodged            |    47 |    24 |    46 ||   117

Table legend: (Time is in decaauts)
 A = Elapsed time spent in this place.
 B = Non-inter-level travel time spent in this place.
 C = Inter-level travel time spent in this place.
 D = Time resting spent in this place.
 E = Time spent auto-exploring this place.
 F = Levels seen in this place.
 G = Mean time per level.
                   A        B        C        D        E       F      G
               +--------+--------+--------+--------+--------+-----+--------+
         Total |   2837 |   2762 |     75 |      0 |   1980 |   7 |  405.3 |
       Dungeon |   2837 |   2762 |     75 |      0 |   1980 |   7 |  405.3 |
               +--------+--------+--------+--------+--------+-----+--------+

Top non-repeatable levels by time:
     D:3: 928 daAuts
     D:1: 837 daAuts
     D:2: 726 daAuts
     D:4: 276 daAuts
     D:7: 54 daAuts
     D:6: 10 daAuts
     D:5: 3 daAuts
